AoeStats
← Michi3052

Arabian Desert

510369761Analyzed
1v1 RM · 1d ago on Sep 30, 2026· 31m 1s· 2 players
Game mode
Random Map
Map size
Tiny (2 player)
Population
200
Speed
Normal
Resources
Standard
Victory
Conquest
Starting age
Dark Age
Ending age
Imperial Age
RankedLock teamsTeams togetherTeam positionsShared explorationLock speedFull tech treeHidden civsTurbo modeCheats
Victory
Defeat
🇵🇪 Varangians · Peru
735
+15
🇪🇸 Bengalis · Spain
715
-15
Michi3052
9:56 Loom
12:00 Feudal Age
13:01 Man-at-Arms
15:36 Double-Bit Axe
24:14 Castle Age
26:49 Bloodlines
27:27 Pikeman
28:23 Bloodlines
29:42 Husbandry
Lord Kashiri
8:52 Loom
11:15 Feudal Age
13:17 Bloodlines
13:53 Double-Bit Axe
15:34 Forging
20:18 Scale Barding Armor
24:27 Castle Age
22:29 Horse Collar
29:00 Iron Casting
28:34 Husbandry
Connection lost

Rejoining the realm…

Still unreachable

The connection could not be restored.

Session expired

The server has moved on; the page needs a fresh start.